MID
GREENSBORO GRASSHOPPERS @ DAYTON DRAGONS
07/29/2048
 
TOP OF THE 1ST
Greensboro Grasshoppers batting - Pitching for Dayton Dragons : LHP Jason St. Clair
Pitching: LHP Jason St. Clair
Batting: RHB Rafael Irizarry 0-0: Ball
1-0: Called Strike
1-1: Foul Ball, location: 2F
1-2: Strikes out swinging
Batting: LHB Angelo Estrella 0-0: Foul Ball, location: 2F
0-1: Ball
1-1: Foul Ball, location: 2F
1-2: Foul Ball, location: 2F
1-2: Ball
2-2: Ball
3-2: Foul Ball, location: 2F
3-2: Strikes out swinging
Batting: RHB Nate Crofts 0-0: Ball
1-0: Swinging Strike
1-1: Called Strike
1-2: Foul Ball, location: 2F
1-2: Strikes out swinging
Top of the 1st over - 0 runs, 0 hits, 0 errors, 0 left on base; Greensboro 0 - Dayton 0
BOTTOM OF THE 1ST
Dayton Dragons batting - Pitching for Greensboro Grasshoppers : LHP Hideo Komatsu
Pitching: LHP Hideo Komatsu
Batting: LHB Leo Gomez 0-0: Ball
1-0: SINGLE (Flyball, 3D, EV 92.5 MPH)
Batting: RHB Chris Zamora 0-0: Called Strike
Leo Gomez is caught stealing 2nd base 2-4
0-1: Ball
1-1: Ball
2-1: Called Strike
2-2: Foul Ball, location: 2F
2-2: SINGLE (Groundball, 5D, EV 101.2 MPH)
Batting: RHB Juan Zamora 0-0: Called Strike
0-1: Ball
1-1: Ball
2-1: DOUBLE (Line Drive, 3D, EV 95.0 MPH)
Chris Zamora to third
Batting: RHB Mark Williams 0-0: Ball
1-0: Ball
2-0: Hit by Pitch
Batting: RHB Jake Savell 0-0: Ball
1-0: Swinging Strike
1-1: Ball
2-1: Foul Ball, location: 2F
2-2: Strikes out swinging
Batting: LHB Matt Kennedy 0-0: Ball
Wild Pitch!
Chris Zamora scores
Juan Zamora to third
Mark Williams to second
1-0: Called Strike
1-1: Foul Ball, location: 2F
1-2: Foul Ball, location: 2F
1-2: Foul Ball, location: 2F
1-2: Foul Ball, location: 2F
1-2: Ball
2-2: Ground out 4-3 (Groundball, 4S, EV 73.1 MPH)
Bottom of the 1st over - 1 run, 3 hits, 0 errors, 2 left on base; Greensboro 0 - Dayton 1
TOP OF THE 2ND
Greensboro Grasshoppers batting - Pitching for Dayton Dragons : LHP Jason St. Clair
Batting: LHB Ryan Karg 0-0: Called Strike
0-1: Ball
1-1: Called Strike
1-2: Ball
2-2: Strikes out swinging
Batting: RHB J.D. Vander Klok 0-0: Ball
1-0: Ball
2-0: Ball
3-0: Ground out 6-3 (Groundball, 6, EV 103.1 MPH)
Batting: RHB Chris Alft 0-0: Ball
1-0: Ball
2-0: Called Strike
2-1: Swinging Strike
2-2: Foul Ball, location: 2F
2-2: Foul Ball, location: 2F
2-2: SINGLE (Line Drive, 4M, EV 101.2 MPH)
Batting: LHB Ryan Thompson 0-0: Ball
1-0: Ball
2-0: Ball
3-0: Base on Balls
Chris Alft to second
Batting: RHB Dennis Coppolino 0-0: Ball
1-0: Ball
2-0: Ball
3-0: Base on Balls
Chris Alft to third
Ryan Thompson to second
Batting: LHB Jose Cabello 0-0: Ball
1-0: Ball
2-0: Called Strike
2-1: Ball
3-1: Base on Balls
Chris Alft scores
Ryan Thompson to third
Dennis Coppolino to second
Batting: RHB Rafael Irizarry 0-0: Fielders Choice at 2nd, 6-4 (Groundball, 6, EV 101.2 MPH)
Top of the 2nd over - 1 run, 1 hit, 0 errors, 3 left on base; Greensboro 1 - Dayton 1
BOTTOM OF THE 2ND
Dayton Dragons batting - Pitching for Greensboro Grasshoppers : LHP Hideo Komatsu
Batting: RHB Ernie Maldonado 0-0: Ball
1-0: Ball
2-0: Ball
3-0: Called Strike
3-1: Called Strike
3-2: Ground out 6-3 (Groundball, 6, EV 81.2 MPH)
Batting: LHB Chris Redhead 0-0: Ball
1-0: Ball
2-0: Called Strike
2-1: Swinging Strike
2-2: Hit by Pitch
Batting: RHB Yutaka Sato 0-0: Ball
1-0: Foul Ball, location: 2F
1-1: Foul Ball, location: 2F
1-2: Strikes out swinging
Batting: LHB Leo Gomez 0-0: SINGLE (Flyball, 78S, EV 96.9 MPH)
Chris Redhead to second
Batting: RHB Chris Zamora 0-0: Swinging Strike
0-1: Fielders Choice at 2nd, 6-4 (Groundball, 6, EV 78.1 MPH)
Bottom of the 2nd over - 0 runs, 1 hit, 0 errors, 2 left on base; Greensboro 1 - Dayton 1
TOP OF THE 3RD
Greensboro Grasshoppers batting - Pitching for Dayton Dragons : LHP Jason St. Clair
Batting: LHB Angelo Estrella 0-0: Ball
1-0: Swinging Strike
1-1: Ball
2-1: Called Strike
2-2: Strikes out swinging
Batting: RHB Nate Crofts 0-0: Called Strike
0-1: Foul Ball, location: 2F
0-2: Foul Ball, location: 2F
0-2: Foul Ball, location: 2F
0-2: Foul Ball, location: 2F
0-2: SINGLE (Groundball, 6M, EV 89.4 MPH) (infield hit)
Batting: LHB Ryan Karg 0-0: Ball
1-0: Ball
2-0: Swinging Strike
2-1: Ball
3-1: Foul Ball, location: 2F
3-2: Foul Ball, location: 2F
3-2: Base on Balls
Nate Crofts to second
Batting: RHB J.D. Vander Klok 0-0: Ball
1-0: Called Strike
1-1: Called Strike
1-2: Ball
Wild Pitch!
Nate Crofts to third
Ryan Karg to second
2-2: Ball
3-2: Strikes out looking
Batting: RHB Chris Alft 0-0: Called Strike
0-1: Ball
1-1: Ball
2-1: Called Strike
2-2: Foul Ball, location: 2F
2-2: Ball
3-2: Foul Ball, location: 2F
3-2: Strikes out swinging
Top of the 3rd over - 0 runs, 1 hit, 0 errors, 2 left on base; Greensboro 1 - Dayton 1
BOTTOM OF THE 3RD
Dayton Dragons batting - Pitching for Greensboro Grasshoppers : LHP Hideo Komatsu
Batting: RHB Juan Zamora 0-0: Ball
1-0: Ball
2-0: Swinging Strike
2-1: Ball
3-1: Foul Ball, location: 2F
3-2: DOUBLE (Line Drive, 89XD, EV 112.5 MPH)
Batting: RHB Mark Williams 0-0: Called Strike
0-1: Ball
1-1: Ball
2-1: Fly out, F8 (Flyball, 78M, EV 79.4 MPH)
Pitching: RHP Adam Brown
Batting: RHB Jake Savell 0-0: Called Strike
0-1: Fly out, F4 (Line Drive, 4M, EV 68.8 MPH)
Batting: LHB Matt Kennedy 0-0: Ball
1-0: Called Strike
1-1: Ball
2-1: Ball
3-1: SINGLE (Groundball, 56D, EV 102.5 MPH)
Juan Zamora to third
Runner from 3rd tries for Home, SAFE, throw by LF to home
Batting: RHB Ernie Maldonado 0-0: SINGLE (Groundball, 6MD, EV 93.8 MPH)
Matt Kennedy to second
Batting: LHB Chris Redhead 0-0: Ball
1-0: Ball
2-0: Foul Ball, location: 2F
2-1: SINGLE (Line Drive, 4MD, EV 104.4 MPH)
Matt Kennedy to third
Ernie Maldonado to second
Runner from 3rd tries for Home, SAFE, throw by CF to home
Batting: RHB Yutaka Sato 0-0: Ground out 6-3 (Groundball, P, EV 90.0 MPH)
Bottom of the 3rd over - 2 runs, 4 hits, 0 errors, 2 left on base; Greensboro 1 - Dayton 3
TOP OF THE 4TH
Greensboro Grasshoppers batting - Pitching for Dayton Dragons : LHP Jason St. Clair
Batting: LHB Ryan Thompson 0-0: Called Strike
0-1: Foul Ball, location: 2F
0-2: Ball
1-2: SOLO HOME RUN (Flyball, 9D, EV 98.8 MPH), Distance : 377 ft
Batting: RHB Dennis Coppolino 0-0: Ball
1-0: Foul Ball, location: 2F
1-1: Ball
2-1: Foul Ball, location: 2F
2-2: Foul Ball, location: 2F
2-2: Strikes out swinging
Batting: LHB Jose Cabello 0-0: Foul Ball, location: 2F
0-1: Ball
1-1: SINGLE (Flyball, 56D, EV 90.6 MPH)
Batting: RHB Rafael Irizarry 0-0: Called Strike
0-1: Ball
1-1: Foul Ball, location: 2F
1-2: Strikes out swinging
Pitching: RHP Aaron McArdle
Batting: LHB Angelo Estrella 0-0: Ball
Jose Cabello steals 2nd base
1-0: Ball
2-0: Ball
3-0: Base on Balls
Batting: RHB Nate Crofts 0-0: Ball
1-0: Ball
2-0: Foul Ball, location: 2F
2-1: Foul Ball, location: 2F
2-2: Foul Ball, location: 2F
2-2: Foul Ball, location: 2F
2-2: SINGLE (Groundball, 6MD, EV 95.0 MPH)
Jose Cabello to third
Angelo Estrella to second
Runner from 3rd tries for Home, throw by CF and OUT! 8-2
Top of the 4th over - 1 run, 3 hits, 0 errors, 2 left on base; Greensboro 2 - Dayton 3
BOTTOM OF THE 4TH
Dayton Dragons batting - Pitching for Greensboro Grasshoppers : RHP Adam Brown
Batting: LHB Leo Gomez 0-0: Called Strike
0-1: Swinging Strike
0-2: Ball
1-2: Strikes out swinging
Batting: RHB Chris Zamora 0-0: Fly out, F8 (Flyball, 78XD, EV 98.1 MPH)
Pitching: RHP Joe Lynn
Batting: RHB Juan Zamora 0-0: Ball
1-0: Fly out, F8 (Flyball, 8LM, EV 86.2 MPH)
Bottom of the 4th over - 0 runs, 0 hits, 0 errors, 0 left on base; Greensboro 2 - Dayton 3
TOP OF THE 5TH
Greensboro Grasshoppers batting - Pitching for Dayton Dragons : RHP Aaron McArdle
Batting: LHB Ryan Karg 0-0: Ball
1-0: Ball
2-0: Ball
3-0: Base on Balls
Batting: RHB J.D. Vander Klok 0-0: Fly out, F8 (Flyball, 8RM, EV 90.0 MPH)
Batting: RHB Chris Alft 0-0: Ball
Ryan Karg steals 2nd base
1-0: Ball
2-0: Ball
3-0: Base on Balls
Batting: LHB Ryan Thompson 0-0: Foul Ball, location: 2F
0-1: Foul Ball, location: 2F
0-2: Strikes out swinging
Batting: RHB Dennis Coppolino 0-0: Ball
1-0: Foul Ball, location: 2F
1-1: Called Strike
1-2: Strikes out swinging
Top of the 5th over - 0 runs, 0 hits, 0 errors, 2 left on base; Greensboro 2 - Dayton 3
BOTTOM OF THE 5TH
Dayton Dragons batting - Pitching for Greensboro Grasshoppers : RHP Joe Lynn
Batting: RHB Mark Williams 0-0: Ball
1-0: Ball
2-0: Ball
3-0: Called Strike
3-1: Called Strike
3-2: Base on Balls
Batting: RHB Jake Savell 0-0: Ball
Mark Williams steals 2nd base
1-0: Foul Ball, location: 2F
1-1: Ball
2-1: Swinging Strike
2-2: Strikes out swinging
Batting: LHB Matt Kennedy 0-0: Called Strike
0-1: Foul Ball, location: 2F
0-2: Strikes out looking
Batting: RHB Ernie Maldonado 0-0: Fly out, F8 (Flyball, 8RM, EV 78.1 MPH)
Bottom of the 5th over - 0 runs, 0 hits, 0 errors, 1 left on base; Greensboro 2 - Dayton 3
TOP OF THE 6TH
Greensboro Grasshoppers batting - Pitching for Dayton Dragons : RHP Aaron McArdle
Batting: LHB Jose Cabello 0-0: Ball
1-0: Swinging Strike
1-1: Ground out U3 (Groundball, 13, EV 90.0 MPH)
Batting: RHB Rafael Irizarry 0-0: Called Strike
0-1: Called Strike
0-2: Strikes out swinging
Pitching: RHP Brian Trejo
Batting: LHB Angelo Estrella 0-0: Ball
1-0: Foul Ball, location: 2F
1-1: Ball
2-1: SINGLE (Groundball, 6MD, EV 101.9 MPH)
Batting: RHB Nate Crofts 0-0: Called Strike
0-1: Ball
1-1: Swinging Strike
1-2: Foul Ball, location: 2F
1-2: Hit by Pitch
Angelo Estrella to second
Batting: LHB Ryan Karg 0-0: Ball
1-0: Ball
2-0: Called Strike
2-1: Ball
3-1: Foul Ball, location: 2F
3-2: Base on Balls
Angelo Estrella to third
Nate Crofts to second
Batting: RHB J.D. Vander Klok 0-0: Ball
1-0: Ball
2-0: Ball
3-0: Foul Ball, location: 2F
3-1: DOUBLE (Line Drive, 9LS, EV 93.8 MPH)
Angelo Estrella scores
Nate Crofts scores
Ryan Karg to third
Runner from 3rd tries for Home, SAFE, throw by RF to home
Pinch Runner at 2nd Justin Blakely:
Batting: RHB Chris Alft 0-0: Ball
1-0: Called Strike
1-1: Ball
2-1: Called Strike
2-2: Strikes out swinging
Top of the 6th over - 3 runs, 2 hits, 0 errors, 1 left on base; Greensboro 5 - Dayton 3
BOTTOM OF THE 6TH
Dayton Dragons batting - Pitching for Greensboro Grasshoppers : RHP Joe Lynn
Now at 2B: Nick Dunton
Batting: LHB Chris Redhead 0-0: Ball
1-0: Ground out 6-3 (Groundball, 4M, EV 104.4 MPH)
Pitching: RHP Dan Durand
Pinch Hitting: LHB Ray Walden 0-0: SINGLE (Line Drive, 89S, EV 90.6 MPH)
Batting: LHB Leo Gomez 0-0: Fly out, F9 (Line Drive, 9S, EV 89.4 MPH)
Batting: RHB Chris Zamora 0-0: Ball
Ray Walden is caught stealing 2nd base 2-4
Bottom of the 6th over - 0 runs, 1 hit, 0 errors, 0 left on base; Greensboro 5 - Dayton 3
TOP OF THE 7TH
Greensboro Grasshoppers batting - Pitching for Dayton Dragons : RHP Brian Trejo
Pitching: LHP Alec Valencia
Now at SS: Jeremy Robertson
Batting: LHB Ryan Thompson 0-0: SINGLE (Groundball, 34D, EV 101.2 MPH)
Pitching: RHP Jose Marrero
Batting: RHB Dennis Coppolino 0-0: Foul Ball, location: 2F
0-1: Ball
1-1: Foul Ball, location: 2F
1-2: Strikes out swinging
Batting: LHB Jose Cabello 0-0: Called Strike
0-1: Called Strike
0-2: 2-RUN HOME RUN (Line Drive, 78XD, EV 98.1 MPH), Distance : 396 ft
Batting: RHB Rafael Irizarry 0-0: Called Strike
0-1: Swinging Strike
0-2: Strikes out swinging
Batting: LHB Angelo Estrella 0-0: Ball
1-0: Foul Ball, location: 2F
1-1: Called Strike
1-2: Strikes out swinging
Top of the 7th over - 2 runs, 2 hits, 0 errors, 0 left on base; Greensboro 7 - Dayton 3
BOTTOM OF THE 7TH
Dayton Dragons batting - Pitching for Greensboro Grasshoppers : RHP Dan Durand
Batting: RHB Chris Zamora 0-0: Ground out 6-3 (Groundball, 6S, EV 83.8 MPH)
Batting: RHB Juan Zamora 0-0: Ground out U3 (Groundball, 13, EV 90.0 MPH)
Batting: RHB Mark Williams 0-0: Ground out 1-3 (Groundball, 13, EV 70.0 MPH)
Bottom of the 7th over - 0 runs, 0 hits, 0 errors, 0 left on base; Greensboro 7 - Dayton 3
TOP OF THE 8TH
Greensboro Grasshoppers batting - Pitching for Dayton Dragons : RHP Jose Marrero
Pitching: RHP Amador Sadaba
Batting: RHB Nate Crofts 0-0: Called Strike
0-1: Foul Ball, location: 2F
0-2: Strikes out swinging
Batting: LHB Ryan Karg 0-0: Ball
1-0: Ball
2-0: Ball
3-0: Base on Balls
Batting: RHB Nick Dunton Pickoff Throw to First - Out! 1-3 CS
0-0: Called Strike
0-1: Ball
1-1: Foul Ball, location: 2F
1-2: Ball
2-2: Strikes out swinging
Top of the 8th over - 0 runs, 0 hits, 0 errors, 0 left on base; Greensboro 7 - Dayton 3
BOTTOM OF THE 8TH
Dayton Dragons batting - Pitching for Greensboro Grasshoppers : RHP Dan Durand
Batting: RHB Jake Savell 0-0: Ball
1-0: TRIPLE (Line Drive, 9D, EV 105.6 MPH)
Batting: LHB Matt Kennedy 0-0: Swinging Strike
0-1: Ball
1-1: DOUBLE (Line Drive, 9LS, EV 93.8 MPH)
Jake Savell scores
Batting: RHB Ernie Maldonado 0-0: Called Strike
0-1: Ball
1-1: Ball
2-1: Foul Ball, location: 2F
2-2: SINGLE (Flyball, 5D, EV 91.2 MPH)
Matt Kennedy to third
Batting: LHB Chris Redhead 0-0: Ball
1-0: Ball
2-0: Called Strike
2-1: Swinging Strike
2-2: Ball
3-2: Base on Balls
Ernie Maldonado to second
Pitching: RHP Bill Padgett
Batting: LHB Jeremy Robertson 0-0: Fly out, F8 (Line Drive, 78D, EV 88.1 MPH)
Runner from 3rd tags up, SCORES, no throw by CF
Batting: LHB Leo Gomez 0-0: Foul Ball, location: 2F
0-1: Ball
1-1: Foul Ball, location: 2F
1-2: Fielders Choice at 2nd, 3-6 (Groundball, 3, EV 78.1 MPH)
Ernie Maldonado to third
Batting: RHB Chris Zamora 0-0: Called Strike
0-1: Swinging Strike
0-2: Ball
1-2: Ball
2-2: Foul Ball, location: 2F
2-2: Strikes out swinging
Bottom of the 8th over - 2 runs, 3 hits, 0 errors, 2 left on base; Greensboro 7 - Dayton 5
TOP OF THE 9TH
Greensboro Grasshoppers batting - Pitching for Dayton Dragons : RHP Amador Sadaba
Pitching: RHP Ken Armstrong
Batting: RHB Chris Alft 0-0: Ball
1-0: Ground out 5-3 (Groundball, 56, EV 84.4 MPH)
Batting: LHB Ryan Thompson 0-0: Ball
1-0: Swinging Strike
1-1: Foul Ball, location: 2F
1-2: Ball
2-2: Ball
3-2: Strikes out swinging
Batting: RHB Dennis Coppolino 0-0: Called Strike
0-1: Foul Ball, location: 2F
0-2: Strikes out looking
Top of the 9th over - 0 runs, 0 hits, 0 errors, 0 left on base; Greensboro 7 - Dayton 5
BOTTOM OF THE 9TH
Dayton Dragons batting - Pitching for Greensboro Grasshoppers : RHP Bill Padgett
Batting: RHB Juan Zamora 0-0: Ball
1-0: Called Strike
1-1: SINGLE (Flyball, 78M, EV 95.0 MPH)
Batting: RHB Mark Williams 0-0: Ball
1-0: Fly out, F8 (Flyball, 78M, EV 93.1 MPH)
Batting: RHB Jake Savell 0-0: Called Strike
0-1: Ball
1-1: SINGLE (Line Drive, 56, EV 100.0 MPH)
Juan Zamora to second
Pitching: RHP Mike Yorke
Batting: LHB Matt Kennedy 0-0: Ball
1-0: Foul Ball, location: 2F
1-1: Ball
2-1: Grounds into double play, 6-4-3 (Groundball, 6D, EV 85.0 MPH)
Bottom of the 9th over - 0 runs, 2 hits, 0 errors, 1 left on base; Greensboro 7 - Dayton 5
Tuesday, March 28th , 2023 - OOTP Baseball 23.10 Build 110